 Dungeon Crawl Stone Soup version 0.31-a0-744-gbc345e7fcb (webtiles) character file.

Game seed: 3096648652893509313

18430 Dirtsage the Cleaver (level 12, -3/97 HPs)
             Began as a Demonspawn Berserker on Sept 13, 2023.
             Was a High Priest of Trog.
             Slain by an orc wizard
             ... wielding a +0 dagger
              (4 damage)
             ... while paralysed by an orc sorcerer
             ... on level 2 of the Orcish Mines.
             The game lasted 00:22:04 (11762 turns).

Dirtsage the Cleaver (Demonspawn Berserker)        Turns: 11762, Time: 00:22:05

Health: -3/97      AC: 23    Str: 29    XL:     12   Next: 27%
Magic:  0/12       EV:  2    Int:  8    God:    Trog [*****.]
Gold:   1263       SH:  0    Dex: 13    Spells: 11/11 levels left

rFire   . . .        e - +3 hand axe (venom)
rCold   . . .        w - +0 kite shield
rNeg    + . .        x - +0 acid dragon scales
rPois   .            (helmet unavailable)
rElec   .            o - +1 cloak
rCorr   +            (no gloves)
SInv    .            c - +0 pair of boots
Will    .....        s - amulet of guardian spirit
Stlth   +            N - ring of positive energy
HPRegen 0.36/turn    G - +6 ring of strength
MPRegen 0.26/turn

%: guardian spirit
@: paralysed, sanguine armoured, on berserk cooldown, slowed
A: horns 3, icemail 1, magic regeneration, sanguine armour 2, condensation
shield
a: Renounce Religion, Berserk, Trog's Hand, Brothers in Arms


You were on level 2 of the Orcish Mines.
You worshipped Trog.
Trog was extremely pleased with you.
You visited 3 branches of the dungeon, and saw 14 of its levels.

You collected 1359 gold pieces.
You spent 96 gold pieces at shops.

Inventory:

Hand Weapons
 e - a +3 hand axe of venom (weapon)
 p - a +1 flail of protection
Missiles
 h - a curare-tipped dart
 F - 4 throwing nets
Armour
 c - a +0 pair of boots (worn)
 o - a +1 cloak (worn)
 w - a +0 kite shield (worn)
 x - +0 acid dragon scales (worn)
Jewellery
 s - an amulet of guardian spirit (around neck)
 A - a ring of positive energy
 G - a +6 ring of strength (right hand)
 I - a ring of protection from cold
 N - a ring of positive energy (left hand)
Wands
 g - a wand of light (5)
 j - a wand of paralysis (8)
 z - a wand of polymorph (10)
 K - a wand of iceblast (6)
Scrolls
 a - a scroll of brand weapon
 b - a scroll of vulnerability
 f - 4 scrolls of poison
 m - 4 scrolls of fog
 r - a scroll of butterflies {unknown}
 t - 3 scrolls of teleportation
 B - 2 scrolls of blinking
 C - a scroll of immolation
 J - 2 scrolls of amnesia
Potions
 d - 4 potions of might
 k - 3 potions of degeneration {unknown}
 l - 2 potions of berserk rage
 n - 2 potions of lignification
 q - 6 potions of curing
 u - a potion of brilliance {unknown}
 v - 2 potions of enlightenment
 D - a potion of haste {unknown}
 H - 2 potions of attraction {unknown}
 L - a potion of mutation


   Skills:
 + Level 10.0 Fighting
 + Level 14.2 Axes
 - Level 3.1 Armour
 - Level 3.1 Dodging
 + Level 8.2 Shields


You had 11 spell levels left.
You didn't know any spells.
Your spell library contained the following spells:

 Spells                   Type           Power      Damage    Failure   Level
 Blink                    Tloc           0%         N/A       78%         2
 Ensorcelled Hibernation  Hex/Ice        0%         N/A       78%         2
 Jinxbite                 Hex            0%         N/A       78%         2
 Lesser Beckoning         Tloc           0%         N/A       78%         2
 Momentum Strike          Conj/Tloc      0%         3d8       78%         2
 Passwall                 Tmut/Erth      0%         N/A       78%         2
 Inner Flame              Hex/Fire       0%         N/A       95%         3
 Swiftness                Air            0%         N/A       95%         3
 Anguish                  Hex/Necr       0%         N/A       100%        4
 Fireball                 Conj/Fire      0%         3d3       100%        5
 Iskenderun's Battlesphe  Conj           0%         2d6       100%        5
 Yara's Violent Unravell  Hex/Tmut       0%         3d3       100%        5
 Conjure Ball Lightning   Conj/Air       0%         3x3d6     100%        6
 Enfeeble                 Hex            0%         N/A       100%        7
 Orb of Destruction       Conj           0%         9d5       100%        7


Dungeon Overview and Level Annotations

Branches:
Dungeon (11/15)            Temple (1/1) D:5             Orc (2/2) D:10
   Lair: D:8-11         Elf: Orc:2

Altars:
Ashenzari
Cheibriados
Dithmenos
Fedhas
Gozag
Hepliaklqana
Kikubaaqudgha
Makhleb
Nemelex Xobeh
Okawaru
Qazlal
Ru
Sif Muna
Trog
Uskayaw
Vehumet
Wu Jian
Xom
Yredelemnul

Shops:
D:2 [   D:9 *

Annotations:
D:11 3 runed translucent doors, nj0rd12's ghost, journeyman TrSh


Innate Abilities, Weirdness & Mutations

You have a pair of large horns on your head.
A meltable icy envelope protects you from harm. (AC +4)
You regenerate magic rapidly.
When seriously injured, your blood forms thick armour. (AC +9)
A meltable shield of frost defends you. (SH +4)


Message History

The orc priest is almost dead.
You hit the orc sorcerer. You hit the orc knight.
The orc knight looks as sick as possible!
You hit the orc wizard.
The orc wizard looks as sick as possible!
The orc sorcerer no longer looks unusually strong.
The orc priest no longer looks unusually strong.
You kill the orc priest!
Trog accepts your kill.
Your ogre barely misses the orc knight.
The orc knight hits you with a +0 battleaxe!
The orc knight hits your ogre with a +0 battleaxe!!
The orc sorcerer hits you with a +0 dagger.
The orc wizard points at you and mumbles some strange words.
You are confused.
You take 11 damage, and have 40/97 hp.
You now have 6/12 mp.
Okay, then.
You feel better.
Your ogre hits the orc knight with a +0 giant spiked club!!
You block the orc knight's attack.
The orc knight hits your ogre with a +0 battleaxe!
The orc sorcerer hits you but does no damage.
The orc wizard hits you but does no damage.
The orc knight hits you with a +0 battleaxe!!
* * * LOW HITPOINT WARNING * * *
The orc knight hits your ogre with a +0 battleaxe!!
Your ogre dies!
Your ogre's corpse disappears in a puff of smoke!
The orc wizard gestures at you while chanting.
You easily resist.
The orc sorcerer casts a spell at you.
You suddenly lose the ability to move!
The orc sorcerer hits you but does no damage.
The orc wizard hits you but does no damage.
The orc knight hits you with a +0 battleaxe!!
* * * LOW HITPOINT WARNING * * *
The orc sorcerer hits you with a +0 dagger.
* * * LOW HITPOINT WARNING * * *
The orc wizard hits you with a +0 dagger.
You die...

...........)...###
#...#......).....##
....)))...))).....##
#.#.)).).#####..)..##
##.....#..## ###)...#
........####. ##...#
.....####..÷.÷ ##)..#
.....# ÷...÷.#o).##
....## .÷..÷.)@).#
....# ..§..÷oo.##
....# ÷...÷...##
....## ....÷...#
.....## ......###
......###....÷#
.....#..#######
..............#
.........###.##


You could see an orc knight (strong, very poisoned), an orc sorcerer (very
poisoned) and an orc wizard (strong, very poisoned).

Vanquished Creatures
  Harold (D:9)
  Erolcha (D:11)
  A centaur warrior (D:8)
  Erica (D:8)
  2 orc high priests (Orc:2)
  Nergalle (D:11)
  Lodul (D:10)
  The ghost of WhatIsLove the Fighter, a novice HOMo (D:6)
  2 orc sorcerers (Orc:2)
  A manticore (D:11)
  Maurice (D:10)
  An efreet (D:9)
  Maggie (D:8)
  A troll (D:11)
  2 hornets
  A shadow (D:10)
  A wraith (D:9)
  8 yaks (D:10)
  4 steam dragons
  2 wargs (Orc:1)
  2 water moccasins
  14 orc warriors
  2 ice beasts (D:8)
  2 sky beasts
  2 black bears
  11 ogres
  3 centaurs
  A phantom (D:5)
  2 kobold brigands
  A bullfrog (D:6)
  4 gnoll sergeants
  2 scorpions
  20 wights
  2 howler monkeys
  4 hounds
  14 orc priests
  2 gnoll boudas
  Crazy Yiuf (D:4)
  2 sleepcaps (D:8)
  2 jellies
  Terence (D:2)
  2 iguanas
  16 orc wizards
  7 adders
  34 gnolls
  3 white imps
  3 ufetubi
  4 worms
  4 dart slugs
  47 orcs
  5 ball pythons
  8 endoplasms
  A giant cockroach (D:4)
  5 hobgoblins
  4 jackals (D:5)
  13 kobolds
  3 quokkas
  9 bats
  2 frilled lizards (D:1)
  6 goblins
  10 rats
314 creatures vanquished.

Vanquished Creatures (collateral kills)
  A glowing shapeshifter (Orc:2)
  3 orc knights (Orc:2)
  An orc warrior (Orc:2)
  2 orc priests (Orc:2)
  2 orc wizards (Orc:2)
  6 orcs (Orc:2)
15 creatures vanquished.

Grand Total: 329 creatures vanquished

Notes
Turn   | Place    | Note
-------+----------+-------------------------------------------
     0 | D:1      | Dirtsage the Demonspawn Berserker began the quest for the
                  | Orb.
     0 | D:1      | Reached XP level 1. HP: 18/18 MP: 1/1
    34 | D:1      | Reached skill level 3 in Axes
   112 | D:1      | Gained mutation: A meltable shield of frost defends you.
                  | (SH +4) [demonic ancestry]
   112 | D:1      | Reached XP level 2. HP: 24/24 MP: 2/2
   574 | D:1      | Gained mutation: A meltable icy envelope protects you from
                  | harm. (AC +4) [demonic ancestry]
   574 | D:1      | Reached XP level 3. HP: 27/29 MP: 3/3
   578 | D:1      | Reached ** piety under Trog
   619 | D:1      | Reached skill level 4 in Axes
   994 | D:2      | Found Casmiumm's Armour Shop.
  1156 | D:2      | Noticed Terence
  1164 | D:2      | Reached XP level 4. HP: 35/35 MP: 4/4
  1172 | D:2      | Killed Terence
  1466 | D:3      | Reached skill level 5 in Axes
  1481 | D:3      | Gained mutation: You have a pair of small horns on your
                  | head. [demonic ancestry]
  1481 | D:3      | Reached XP level 5. HP: 26/41 MP: 5/5
  2364 | D:4      | Reached skill level 6 in Axes
  2435 | D:4      | Reached *** piety under Trog
  2436 | D:4      | Gained mutation: You have a pair of horns on your head.
                  | [demonic ancestry]
  2436 | D:4      | Reached XP level 6. HP: 40/47 MP: 6/6
  2559 | D:4      | Noticed a water moccasin
  2577 | D:4      | Killed a water moccasin
  2776 | D:4      | Reached skill level 7 in Axes
  2911 | D:4      | Gained mutation: When seriously injured, your blood forms
                  | armour. (AC +9) [demonic ancestry]
  2911 | D:4      | Reached XP level 7. HP: 52/52 MP: 7/7
  3259 | D:4      | Found a runed translucent door.
  3260 | D:4      | Noticed Crazy Yiuf
  3574 | D:4      | Killed Crazy Yiuf
  3691 | D:5      | Entered Level 5 of the Dungeon
  3712 | D:5      | Reached skill level 8 in Axes
  4089 | D:5      | Reached **** piety under Trog
  4090 | D:5      | Gained mutation: You regenerate magic rapidly. [demonic
                  | ancestry]
  4090 | D:5      | Reached XP level 8. HP: 53/58 MP: 8/8
  4224 | D:5      | Found a staircase to the Ecumenical Temple.
  4233 | Temple   | Entered the Ecumenical Temple
  4468 | D:6      | Reached skill level 9 in Axes
  4865 | D:6      | Found a runed translucent door.
  4865 | D:6      | Noticed WhatIsLove's ghost (novice HOMo)
  4917 | D:6      | Killed WhatIsLove's ghost
  4918 | D:6      | Reached skill level 10 in Axes
  4918 | D:6      | Reached XP level 9. HP: 5/67 MP: 1/9
  5266 | D:6      | Reached skill level 5 in Fighting
  5507 | D:7      | Identified the +5 great sword of Blood-Lust {heavy, rPois
                  | Will++ Int-3 Stlth+}
  6475 | D:8      | Reached skill level 11 in Axes
  6558 | D:8      | Noticed Maggie
  6578 | D:8      | Killed Maggie
  6579 | D:8      | Reached XP level 10. HP: 40/76 MP: 6/10
  6933 | D:8      | Noticed a centaur warrior
  6939 | D:8      | Reached ***** piety under Trog
  6964 | D:8      | Killed a centaur warrior
  7108 | D:8      | Found a shimmering altar of Xom.
  7407 | D:8      | Noticed Erica
  7416 | D:8      | Killed Erica
  7417 | D:8      | Reached skill level 5 in Shields
  7445 | D:8      | Reached skill level 12 in Axes
  8038 | D:9      | Found a basalt altar of Yredelemnul.
  8040 | D:9      | Found a snail-covered altar of Cheibriados.
  8116 | D:9      | Noticed Harold
  8129 | D:9      | Killed Harold
  8549 | D:9      | Found Uskorum's Changing Room.
  8562 | D:9      | Bought a potion of mutation for 96 gold pieces
  8882 | D:9      | Gained mutation: You have a pair of large horns on your
                  | head. [demonic ancestry]
  8882 | D:9      | Reached XP level 11. HP: 75/85 MP: 11/11
  8954 | D:9      | Found an opulent altar of Gozag.
  9486 | D:10     | Entered Level 10 of the Dungeon
  9907 | D:10     | Noticed Maurice
  9915 | D:10     | Paralysed by something for 3 turns
  9928 | D:10     | Killed Maurice
  9929 | D:10     | Reached skill level 13 in Axes
 10063 | D:10     | Noticed Lodul
 10070 | D:10     | Killed Lodul
 10070 | D:10     | Received a gift from Trog
 10289 | D:10     | Found a staircase to the Orcish Mines.
 10604 | D:10     | Identified the +5 hat "Forget-Me-Not" {Dex+8}
 10692 | D:11     | Noticed Nergalle
 10700 | D:11     | Killed Nergalle
 10785 | D:11     | Noticed Erolcha
 10786 | D:11     | Found a runed translucent gate.
 10787 | D:11     | Found a runed translucent gate.
 10789 | D:11     | Found a runed translucent gate.
 10793 | D:11     | Killed Erolcha
 10798 | D:11     | Noticed nj0rd12's ghost (journeyman TrSh)
 10893 | Orc:1    | Entered Level 1 of the Orcish Mines
 11495 | Orc:2    | Entered Level 2 of the Orcish Mines
 11584 | Orc:2    | Noticed an orc knight
 11599 | Orc:2    | Killed an orc knight
 11710 | Orc:2    | Noticed an orc high priest
 11722 | Orc:2    | Killed an orc high priest
 11723 | Orc:2    | Gained mutation: When seriously injured, your blood forms
                  | thick armour. (AC +9) [demonic ancestry]
 11723 | Orc:2    | Reached XP level 12. HP: 74/96 MP: 8/12
 11724 | Orc:2    | Noticed an orc high priest
 11729 | Orc:2    | Noticed an orc high priest
 11734 | Orc:2    | Killed an orc high priest
 11735 | Orc:2    | Reached skill level 14 in Axes
 11750 | Orc:2    | an orc high priest changed into a glowing shapeshifter
 11758 | Orc:2    | Reached skill level 10 in Fighting
 11760 | Orc:2    | Paralysed by an orc sorcerer for 3 turns
 11761 | Orc:2    | HP: 3/97 [orc knight/+0 battleaxe (22)]
 11762 | Orc:2    | HP: 1/97 [orc sorcerer/+0 dagger (3)]
 11762 | Orc:2    | Slain by an orc wizard

Illustrated notes

Levels and vault maps discovered:
D:1:      wander_arrival_chamber, layout_basic
D:2:      layout_basic, serial_shops, nicolae_shop_real_fake_doors, uniq_terence
D:3:      layout_basic, nicolae_elyvilon_peaceful_grove, st_stairs_1
D:4:      layout_basic, chequers_serial_rivers_small_b, grunt_decor_junction,
          minmay_misc_feat_alley, uniq_crazy_yiuf_cottage
D:5:      minmay_spotlight, layout_basic, minmay_temple_entry_statues_pillars
D:6:      layout_loops_cross, ebering_ghost_sewer_d
D:7:      layout_rooms, zin_academy
D:8:      minmay_chambers_of_fours, layout_gridville, tgw_xom, uniq_erica,
          uniq_maggie
D:9:      nicolae_hitomezashi [nicolae_hito_row, nicolae_hito_row,
          nicolae_hito_row, nicolae_hito_row, nicolae_hito_row,
          nicolae_hito_row, nicolae_hito_row, nicolae_hito_row,
          nicolae_hito_row, nicolae_hito_row, nicolae_hito_row,
          nicolae_hito_row, nicolae_hito_row, nicolae_hito_row,
          nicolae_hito_row, nicolae_hito_row, nicolae_hito_row,
          nicolae_hito_row], layout_layer_cave, nicolae_overflow_hidden_temple,
          grunt_temple_overflow_open, serial_rivers,
          chequers_serial_rivers_micro_b, chequers_serial_rivers_marsh,
          chequers_serial_rivers_marsh, chequers_serial_rivers_large_b,
          nicolae_transmutations_shop, chequers_serial_rivers_small_b,
          kennysheep_generic_room_8, uniq_harold
D:10:     layout_basic, orc_0_dummy, kennysheep_generic_room_13, uniq_maurice,
          uniq_lodul
D:11:     minmay_sliced_demisemicircle, layout_small_grid,
          due_lair_maze_entry_diamond, ebering_ghost_rock_garden, uniq_nergalle,
          uniq_erolcha
Temple:   eino_temple_rhombus
Orc:1:    layout_caves
Orc:2:    grunt_orc_tribal_feast, layout_caves

Skill      XL: |  1  2  3  4  5  6  7  8  9 10 11 12 |
---------------+-------------------------------------+-----
Axes           | 3 4 5 6 7 8 10 11 12 13 14 | 14.2
Armour         | 2 3 |  3.1
Dodging        | 2 3 |  3.1
Fighting       | 4 6 7 9 10 | 10.0
Shields        | 2 4 5 7 8 |  8.2

Action                     |  1- 3 |  4- 6 |  7- 9 | 10-12 || total
---------------------------+-------+-------+-------+-------++-------
  Melee: Hand axe          |   139 |   116 |   370 |   414 ||  1039
         Headbutt          |       |    15 |    73 |    93 ||   181
         Punch             |       |       |     2 |       ||     2
  Throw: Dart              |       |       |     1 |     1 ||     2
 Invoke: Berserk           |       |     2 |     3 |    10 ||    15
         Trog's Hand       |       |     1 |     2 |       ||     3
         Brothers in Arms  |       |       |       |     2 ||     2
  Evoke: Wand              |       |       |     2 |     3 ||     5
    Use: Scroll            |       |       |       |    18 ||    18
         Potion            |       |       |       |     1 ||     1
   Stab: Sleeping          |     1 |     2 |     2 |       ||     5
 Armour: Ring mail         |    44 |       |    98 |       ||   142
         Animal skin       |     2 |       |       |       ||     2
         Robe              |    11 |    57 |    86 |       ||   154
         Acid dragon scale |       |       |       |   165 ||   165
  Dodge: Dodged            |    90 |    56 |   143 |   114 ||   403
  Block: Other             |    14 |    11 |    17 |       ||    42
         Buckler           |       |       |    71 |    78 ||   149
         Kite shield       |       |       |       |    58 ||    58

Table legend: (Time is in decaauts)
 A = Elapsed time spent in this place.
 B = Non-inter-level travel time spent in this place.
 C = Inter-level travel time spent in this place.
 D = Time resting spent in this place.
 E = Time spent auto-exploring this place.
 F = Levels seen in this place.
 G = Mean time per level.
                   A        B        C        D        E       F      G
               +--------+--------+--------+--------+--------+-----+--------+
         Total |  11789 |  11465 |    324 |    823 |   8730 |  14 |  842.1 |
       Dungeon |  10935 |  10626 |    309 |    714 |   8199 |  11 |  994.1 |
        Temple |      1 |      1 |      0 |      0 |      0 |   1 |    1.0 |
  Orcish Mines |    852 |    838 |     14 |    108 |    531 |   2 |  426.0 |
               +--------+--------+--------+--------+--------+-----+--------+

Top non-repeatable levels by time:
     D:9: 1966 daAuts
     D:4: 1404 daAuts
     D:8: 1256 daAuts
    D:10: 1240 daAuts
     D:6: 1176 daAuts
     D:3: 859 daAuts
     D:7: 798 daAuts
     D:2: 752 daAuts
     D:1: 708 daAuts
     D:5: 611 daAuts
   Orc:1: 596 daAuts
   Orc:2: 256 daAuts
    D:11: 161 daAuts
  Temple: 1 daAuts
